 Dungeon Crawl Stone Soup version 0.19.1 (webtiles) character file.

11609 dondy the Carver (level 11, -1/78 HPs)
             Began as a Demonspawn Abyssal Knight on Dec 22, 2016.
             Was a Believer of Lugonu.
             Slain by a wolf (5 damage)
             ... on level 1 of the Lair of Beasts.
             The game lasted 01:05:29 (21234 turns).

dondy the Carver (Demonspawn Abyssal Knight)       Turns: 21234, Time: 01:05:30

Health: -1/78      AC: 13    Str: 15    XL:     11   Next: 51%
Magic:  19/27      EV: 12    Int: 14    God:    Lugonu [**....]
Gold:   757        SH:  4    Dex: 13    Spells: 0 memorised, 10 levels left

rFire  . . .     SeeInvis .     i - +0 long sword
rCold  . . .     Gourm    .     K - +2 ring mail {MR+}
rNeg   . . .     Faith    .     H - +0 buckler
rPois  +         Spirit   .     (no helmet)
rElec  .         Reflect  .     k - +0 cloak {rPois}
rCorr  .         Harm     .     y - +0 pair of gloves
MR     +....                    A - +0 pair of boots
Stlth  +++.......               X - amulet of rage
                                (no ring)
                                F - ring of magical power

@: no status effects
A: talons 1, rugged brown scales 2, nightstalker 2
a: Depart the Abyss, Bend Space, Renounce Religion, Evoke Berserk Rage


You were on level 1 of the Lair of Beasts.
You worshipped Lugonu.
Lugonu was pleased with you.
You were hungry.

You visited 2 branches of the dungeon, and saw 12 of its levels.
You visited the Abyss 1 time.

You collected 757 gold pieces.

Inventory:

Hand Weapons
 i - a +0 long sword (weapon)
 V - a +2 short sword of flaming
Missiles
 s - 8 curare-tipped needles
 M - 5 tomahawks of returning (quivered)
Armour
 k - a +0 cloak of poison resistance (worn)
 y - a +0 pair of gloves (worn)
 A - a +0 pair of boots (worn)
 E - a +0 troll leather armour
 H - a +0 buckler (worn)
 K - a +2 ring mail of magic resistance (worn)
Jewellery
 v - a +3 ring of dexterity
 F - a ring of magical power (left hand)
 X - an amulet of rage (around neck)
Wands
 J - a wand of iceblast (0/15)
 O - a wand of flame (23/48)
 R - a wand of iceblast (0/15)
 S - a wand of digging (5/24)
 U - a wand of iceblast (4/15)
 Y - a wand of hasting (4/9)
Scrolls
 a - 2 scrolls of enchant armour {unknown}
 d - a scroll of recharging {unknown}
 f - 2 scrolls of teleportation {unknown}
 l - 2 scrolls of immolation {unknown}
 m - 3 scrolls of remove curse
 o - 2 scrolls of magic mapping {unknown}
 p - a scroll of fog {unknown}
 u - 3 scrolls of amnesia {unknown}
 w - 2 scrolls of brand weapon {unknown}
 x - a scroll of random uselessness {unknown}
 C - 3 scrolls of enchant weapon {unknown}
 Q - a scroll of fear {unknown}
Potions
 b - 2 potions of cancellation {unknown}
 e - 2 potions of lignification {unknown}
 g - 8 potions of curing
 n - 2 potions of ambrosia {unknown}
 q - a potion of agility
 r - 2 potions of berserk rage {unknown}
 t - 4 potions of heal wounds
 z - 2 potions of cure mutation {unknown}
 B - 2 potions of mutation {unknown}
 D - a potion of haste {unknown}
 G - 3 potions of degeneration {unknown}
 I - a potion of experience {unknown}
 L - a potion of flight {unknown}
 P - a potion of resistance {unknown}
Books
 h - a book of Air

   Spells                             Type                      Level
   a - Shock                          Conjuration/Air              1
   b - Swiftness                      Charms/Air                   2
   c - Repel Missiles                 Charms/Air                   2
   d - Static Discharge               Conjuration/Air              3
   e - Lightning Bolt                 Conjuration/Air              5
Comestibles
 c - 6 bread rations
 j - a meat ration
 N - a slice of pizza
 T - 9 fruits
 W - 2 chunks of flesh


   Skills:
 - Level 3.0 Fighting
 * Level 13.5 Long Blades
 + Level 5.0 Armour
 + Level 4.9 Dodging
 - Level 1.0 Shields
 - Level 10.0 Invocations


You had 10 spell levels left.
You didn't know any spells.

Dungeon Overview and Level Annotations

Branches:
Dungeon (11/15)            Temple (0/1) D:5            Lair (1/6) D:11
    Orc (0/2) D:9

Altars:
Dithmenos
Fedhas
Okawaru
Ru
Sif Muna
Uskayaw
Vehumet
Yredelemnul
The Shining One

Shops:
D:6 }   D:10 :

Annotations:
D:3 1 runed door
D:10 exclusion: 2 doors
Abyss:1 Fannar, Grum


Innate Abilities, Weirdness & Mutations

You have sharp toenails.
You are mostly covered in rugged brown scales. (AC +2, +5% HP)
You are significantly more attuned to the shadows.


Message History

The crocodile is moderately wounded.
You hit the crocodile but do no damage.
The crocodile is moderately wounded.
You closely miss the crocodile.
The crocodile is moderately wounded.
The crocodile barely misses you.
Okay, then.
The crocodile bites you!
* * * LOW HITPOINT WARNING * * *
The crocodile barely misses you.
You riposte.
You slash the crocodile!
The crocodile is severely wounded.
The crocodile closely misses you. The wolf misses you.
You riposte.
Your shield and ring mail prevent you from hitting the wolf.
Space bends around you!
You blink.
* * * LOW HITPOINT WARNING * * *
A porcupine comes into view.
Space bends sharply around you!
You blink.
* * * LOW HITPOINT WARNING * * *
You block the wolf's attack. The wolf bites you.
You die...

#...#...P..#
#.........##
#..÷.>.≈≈≈.##
#..≈≈..≈≈≈≈.#
#.≈≈≈≈≈≈≈≈≈.#
#≈≈≈≈≈≈≈≈≈≈.#
#.≈≈≈≈≈≈≈≈.##
#.≈≈≈≈≈≈≈..##
#.@h≈≈≈≈..#.#
#(.t.§...>####
#..#...#..#... ...
##..##........#
...####P..#####......
# ....#.....##
#...r... #
...........# ##......
........P..####......
..#...P.............


You could see a crocodile and a wolf.

Vanquished Creatures
  A centaur skeleton (D:10)
  A gargoyle (D:10)
  A troll (D:11)
  Grinder (D:5)
  A spriggan (D:7)
  11 yaks
  Eustachio (D:5)
  2 hungry ghosts
  A porcupine (Lair:1)
  Duvessa (D:6)
  A phantom (D:5)
  4 sky beasts
  3 ice beasts
  4 eyes of draining
  2 orc warriors
  A black bear (D:7)
  6 wolves
  5 centaurs
  3 ogres
  A crocodile (Lair:1)
  6 bullfrogs
  3 big kobolds
  Dowan (D:6)
  2 scorpions (D:5)
  A wyvern skeleton (D:11)
  A killer bee (D:9)
  4 wights
  2 howler monkeys (D:10)
  4 crimson imps
  2 electric eels
  4 jellies
  2 quasits
  A centaur zombie (D:8)
  7 hounds
  7 orc priests
  A bullfrog skeleton (D:5)
  13 orc wizards
  Crazy Yiuf (D:5)
  6 iguanas
  13 worker ants
  A hound zombie (D:10)
  A worker ant zombie (D:8)
  8 gnolls
  14 adders
  2 shadow imps
  An adder zombie (D:8)
  3 adder skeletons
  3 worms
  2 dart slugs (D:1)
  11 leopard geckos
  32 orcs
  2 ball pythons
  6 giant cockroaches
  7 goblins
  15 hobgoblins
  7 jackals
  4 quokkas
  6 bats
  4 frilled lizards
  A giant cockroach zombie (D:5)
  20 kobolds
  A quokka skeleton (D:8)
  12 rats
295 creatures vanquished.

Vanquished Creatures (others)
  4 hill giants
  An elephant (D:11)
  A komodo dragon (Lair:1)
  A troll (D:11)
  A warg (D:9)
  4 orc warriors
  A sky beast (D:5)
  A hornet zombie (D:9)
  A wolf (Lair:1)
15 creatures vanquished.

Grand Total: 310 creatures vanquished

Notes
Turn   | Place    | Note
-------+----------+-------------------------------------------
     0 | Abyss:1  | dondy the Demonspawn Abyssal Knight began the quest for the Orb.
     0 | Abyss:1  | Reached XP level 1. HP: 18/18 MP: 2/2
    46 | D:1      | Escaped the Abyss
    91 | D:1      | Reached skill level 2 in Long Blades
   488 | D:1      | Gained mutation: You are slightly more attuned to the shadows. [demonic ancestry]
   488 | D:1      | Reached XP level 2. HP: 10/24 MP: 4/4
  1072 | D:1      | Reached ** piety under Lugonu
  1231 | D:2      | Reached XP level 3. HP: 8/29 MP: 5/5
  1673 | D:2      | Reached skill level 3 in Long Blades
  1992 | D:2      | Found a sacrificial altar of Ru.
  2626 | D:2      | Gained mutation: You are partially covered in rugged brown scales. (AC +1, +3% HP) [demonic ancestry]
  2626 | D:2      | Reached XP level 4. HP: 24/36 MP: 5/7
  3299 | D:3      | Found a glowing golden altar of the Shining One.
  3299 | D:3      | Found a runed door.
  3299 | D:3      | Noticed an angel
  3426 | D:3      | Reached *** piety under Lugonu
  4116 | D:4      | Reached XP level 5. HP: 41/42 MP: 8/8
  4257 | D:4      | Reached skill level 4 in Long Blades
  4345 | D:4      | Found a basalt altar of Yredelemnul.
  5081 | D:5      | Entered Level 5 of the Dungeon
  5101 | D:5      | Reached skill level 5 in Invocations
  5290 | D:5      | Noticed Grinder
  5307 | D:5      | Paralysed by Grinder for 7 turns
  5315 | D:5      | Killed Grinder
  5315 | D:5      | Reached skill level 5 in Long Blades
  5315 | D:5      | Gained mutation: You are significantly more attuned to the shadows. [demonic ancestry]
  5315 | D:5      | Reached XP level 6. HP: 23/48 MP: 8/10
  5472 | D:5      | Found a glowing golden altar of the Shining One.
  5473 | D:5      | Noticed Eustachio
  5497 | D:5      | Found a staircase to the Ecumenical Temple.
  5717 | D:5      | Reached XP level 7. HP: 46/53 MP: 11/11
  6066 | D:5      | Reached skill level 6 in Long Blades
  6896 | D:5      | Found a runed door.
  6900 | D:5      | Noticed Crazy Yiuf
  6911 | D:5      | Killed Crazy Yiuf
  7122 | D:5      | Killed Eustachio
  7122 | D:5      | Reached skill level 7 in Long Blades
  7151 | D:5      | Gained mutation: You have sharp toenails. [demonic ancestry]
  7151 | D:5      | Reached XP level 8. HP: 27/59 MP: 13/13
  7406 | D:6      | Noticed Duvessa
  7408 | D:6      | Noticed Dowan
  7431 | D:6      | Killed Duvessa
  7495 | D:6      | Killed Dowan
  7955 | D:6      | Reached skill level 8 in Long Blades
  8541 | D:6      | Got a warped robe
  8568 | D:6      | Identified the +1 robe "Erueh" {-Tele rPois rF+ rCorr} (You found it on level 6 of the Dungeon)
  8897 | D:6      | Found Zysiy's Gadget Emporium.
  9422 | D:6      | Reached skill level 9 in Long Blades
  9422 | D:6      | Reached XP level 9. HP: 50/64 MP: 15/15
  9596 | D:7      | Reached **** piety under Lugonu
 10128 | D:7      | Reached skill level 1 in Shields
 10756 | D:7      | Found an iron altar of Okawaru.
 11336 | D:8      | Found a blossoming altar of Fedhas.
 11624 | D:8      | Reached skill level 10 in Invocations
 11636 | D:8      | Reached skill level 10 in Long Blades
 11637 | D:8      | Noticed Grum
 12267 | D:7      | Found a shadowy altar of Dithmenos.
 12267 | D:7      | Found a deep blue altar of Sif Muna.
 12291 | D:8      | Banished Grum
 12835 | D:7      | Reached skill level 11 in Long Blades
 13244 | D:8      | Reached XP level 10. HP: 51/72 MP: 17/17
 13366 | D:8      | Found a faded altar of an unknown god.
 13369 | D:8      | Found a faded altar of an unknown god.
 13371 | D:8      | Found a radiant altar of Vehumet.
 13373 | D:8      | Found a faded altar of an unknown god.
 13377 | D:8      | Found a hide-covered altar of Uskayaw.
 13437 | D:9      | Noticed a hill giant
 13613 | D:9      | Noticed a hill giant
 13614 | D:9      | Banished a hill giant
 14099 | D:9      | Found a staircase to the Orcish Mines.
 14178 | D:9      | Reached skill level 1 in Dodging
 14580 | D:9      | Banished a hill giant
 14595 | D:9      | Reached skill level 12 in Long Blades
 15834 | D:10     | Entered Level 10 of the Dungeon
 15904 | D:10     | Noticed a hill giant
 15909 | D:10     | Banished a hill giant
 15998 | D:10     | Noticed Fannar
 16072 | D:10     | Found Foppiev's Book Shop.
 16391 | D:10     | Noticed a hill giant
 16392 | D:10     | Banished a hill giant
 16770 | D:10     | Banished Fannar
 17279 | D:10     | Gained mutation: You are mostly covered in rugged brown scales. (AC +2, +5% HP) [demonic ancestry]
 17279 | D:10     | Reached XP level 11. HP: 65/78 MP: 18/18
 17918 | D:11     | HP: 1/78 [troll (12)]
 18181 | D:11     | Reached skill level 13 in Long Blades
 19477 | D:11     | Found a staircase to the Lair.
 19485 | Lair:1   | Entered Level 1 of the Lair of Beasts
 20992 | Lair:1   | Reached skill level 5 in Armour
 21234 | Lair:1   | HP: 3/78 [spatial distortion (3)]
 21234 | Lair:1   | Slain by a wolf

Skill      XL: |  1  2  3  4  5  6  7  8  9 10 11 |
---------------+----------------------------------+-----
Long Blades    | 2 3 5 7 9 11 12 13 | 13.5
Invocations    | 3 4 5 6 7 9 10 | 10.0
Shields        | 1 |  1.0
Dodging        | 3 4 |  4.9
Armour         | 3 5 |  5.0
Fighting       | |  3.0

Action                   |  1- 3 |  4- 6 |  7- 9 | 10-12 || total
-------------------------+-------+-------+-------+-------++-------
Melee: Falchion          |   150 |   218 |    54 |       ||   422
       Long sword        |       |       |   587 |   989 ||  1576
Invok: Bend Space        |       |       |     1 |     5 ||     6
       Banish            |       |       |     2 |    21 ||    23
Evoke: Wand              |       |    11 |     8 |    10 ||    29
  Use: Scroll            |       |       |     2 |     4 ||     6
       Potion            |       |       |       |     3 ||     3
 Stab: Sleeping          |     6 |     5 |    11 |     6 ||    28
       Distracted        |       |       |     4 |     1 ||     5
       Confused          |       |       |     2 |       ||     2
  Eat: Chunk             |     5 |     9 |    18 |    23 ||    55
       Meat ration       |       |     1 |     1 |     1 ||     3
       Bread ration      |       |       |     1 |     2 ||     3
       Beef jerky        |       |       |     1 |       ||     1
       Pizza             |       |       |       |     1 ||     1
Armor: Leather armour    |     2 |       |       |       ||     2
       Ring mail         |    35 |    98 |   262 |   311 ||   706
Dodge: Dodged            |    89 |    96 |   271 |   357 ||   813
Block: Buckler           |       |       |    79 |   114 ||   193
       Rpst.: Falchion   |    24 |    26 |     5 |       ||    55
       Long sword        |       |       |    73 |   101 ||   174
